 Dungeon Crawl Stone Soup version 0.27.0-65-ge2af304b15 (webtiles) character file.

Game seed: 9845739637873320652

52 BOMJPIETVODKU the Digger (level 3, -2/26 HPs)
             Began as a Gnoll Earth Elementalist on Aug 19, 2021.
             Slain by Jessica (3 damage)
             ... on level 2 of the Dungeon.
             The game lasted 00:08:23 (2355 turns).

BOMJPIETVODKU the Digger (Gnoll Earth Elementalist) Turns: 2355, Time: 00:08:24

Health: -2/26      AC:  2    Str:  6 (7)  XL:     3   Next: 85%
Magic:  9/9        EV: 13    Int: 14 (15) God:
Gold:   34         SH:  0    Dex: 10 (12) Spells: 9/12 levels left

rFire    + . .     SeeInvis .   l - +0 club
rCold    + . .     Faith    .   (no shield)
rNeg     . . .     Spirit   .   b - +0 robe
rPois    +         Reflect  .   (no helmet)
rElec    +         Harm     .   (no cloak)
rCorr    +         Rampage  .   (no gloves)
Will     .....                  (no boots)
Stlth    ++........             (no amulet)
HPRegen  0.08/turn              (no ring)
MPRegen  0.11/turn              (no ring)

@: about to teleport, resistant, very slightly contaminated, invisible
A: fangs 1, strong nose, distributed training
a: no special abilities


You were on level 2 of the Dungeon.
You visited 1 branch of the dungeon, and saw 2 of its levels.

You collected 34 gold pieces.

Inventory:

Hand Weapons
 k - a +0 fustibalus
 l - a +0 club (weapon)
Missiles
 o - 15 poisoned darts (quivered)
Armour
 b - a +0 robe (worn)
 g - a +0 crystal plate armour
 j - a +0 scale mail
Jewellery
 d - a ring of resist corrosion
Scrolls
 h - 2 scrolls of holy word {unknown}
 i - a scroll of enchant weapon {unknown}


   Skills:
 + Level 1.0 Fighting
 + Level 1.0 Short Blades
 + Level 1.0 Long Blades
 + Level 1.0 Axes
 + Level 1.0 Maces & Flails
 + Level 1.0 Polearms
 + Level 1.0 Staves
 + Level 1.0 Slings
 + Level 1.0 Bows
 + Level 1.0 Crossbows
 + Level 1.0 Throwing
 + Level 1.0 Armour
 + Level 4.6 Dodging
 + Level 4.2 Stealth
 + Level 1.0 Shields
 + Level 1.0 Unarmed Combat
 + Level 5.0 Spellcasting
 + Level 0.7 Conjurations
 + Level 0.7 Hexes
 + Level 0.7 Summonings
 + Level 0.7 Necromancy
 + Level 0.7 Translocations
 + Level 2.1 Transmutations
 + Level 0.7 Fire Magic
 + Level 0.7 Ice Magic
 + Level 0.7 Air Magic
 + Level 5.4 Earth Magic
 + Level 0.7 Poison Magic
 + Level 1.0 Invocations
 + Level 1.0 Evocations


You had 9 spell levels left.
You knew the following spells:

 Your Spells              Type           Power      Damage    Failure   Level
a - Sandblast             Erth           36%        2d10      1%          1
b - Passwall              Tmut/Erth      11%        N/A       5%          2

Your spell library contained the following spells:

 Spells                   Type           Power      Damage    Failure   Level
 Stone Arrow              Conj/Erth      24%        3d8       14%         3
 Petrify                  Tmut/Erth      14%        N/A       36%         4


Dungeon Overview and Level Annotations

Branches:
Dungeon (2/15)

Altars:

Shops:
D:1 ?(

Annotations:
D:2 Jessica


Innate Abilities, Weirdness & Mutations

You have very sharp teeth.
Your uncanny sense of smell can sniff out nearby items.
Your experience applies equally to all skills.


Message History

Jessica looks very angry.
It was a potion of magic.
Magic courses through your body. The hound skeleton bites you.
The ball python bites you. The ball python constricts you.
The hound skeleton bites you.
It was a potion of resistance.
You feel protected. The ball python bites you.
* * * LOW HITPOINT WARNING * * *
The ball python constricts you.
Jessica mumbles some strange words.
Jessica seems to speed up.
The hound skeleton bites you.
* * * LOW HITPOINT WARNING * * *
It was a potion of invisibility.
You fade into invisibility!
The ball python misses you. The ball python constricts you.
* * * LOW HITPOINT WARNING * * *
The hound skeleton bites you.
* * * LOW HITPOINT WARNING * * *
You are very lightly contaminated with residual magic.
Throw: 17 darts (poison)
Press: ? - help, Q - select action, (/) - cycle Shift-Dir - straight line, f/p - ball python
Aim: a ball python (heavily wounded, constricting you, 50% to hit)
You throw a poisoned dart. The poisoned dart hits the ball python.
The ball python is poisoned.
The ball python is heavily wounded.
The ball python constricts you.
As you read the scroll labelled LECKARH VARE, it crumbles to dust.
You feel strangely unstable.
It was a scroll of teleportation.
The hound skeleton misses you. The ball python barely misses you.
The ball python constricts you.
* * * LOW HITPOINT WARNING * * *
Unknown command.
Throw: 16 darts (poison)
Press: ? - help, Q - select action, (/) - cycle Shift-Dir - straight line, f/p - ball python
Aim: a ball python (severely wounded, constricting you, poisoned, 50% to hit)
You throw a poisoned dart.
The poisoned dart closely misses the ball python.
You kill the ball python!
Jessica hits you with a +0 dagger.
You die...

#†.#..##### #..#.#
##.###..##.#..#.####
#...#..##.#..#.##..#
#.#.###..#..#.##...
###..#.....#.##(.#
#....###..#.##(..#
#.##..#..#.##.!#
###...##..##@Z.#
#...#..'†##@J#.$# ∆
#################


You could see Jessica (fast), an endoplasm and a hound skeleton.

Vanquished Creatures
  2 adders (D:2)
  An adder skeleton (D:2)
  3 ball pythons
  5 bats (D:1)
  5 endoplasms
  A giant cockroach (D:2)
  2 hobgoblins (D:1)
  3 jackals
  2 quokkas
  5 frilled lizards
  A kobold (D:2)
  2 rats (D:1)
32 creatures vanquished.

Vanquished Creatures (others)
  A fungus (D:1)
  A plant (D:1)
2 creatures vanquished.

Grand Total: 34 creatures vanquished

Notes
Turn   | Place    | Note
-------+----------+-------------------------------------------
     0 | D:1      | BOMJPIETVODKU the Gnoll Earth Elementalist began the quest
                  | for the Orb.
     0 | D:1      | Reached XP level 1. HP: 13/13 MP: 6/6
   364 | D:1      | Reached XP level 2. HP: 19/19 MP: 5/7
   384 | D:1      | Found a faded altar of an unknown god.
  1205 | D:1      | Found Efahun's Antique Weapon Emporium.
  1216 | D:1      | Found Setwemut's Magic Scroll Boutique.
  1681 | D:2      | Reached skill level 5 in Spellcasting
  1681 | D:2      | Reached XP level 3. HP: 25/25 MP: 5/9
  1998 | D:2      | Reached skill level 1 in Invocations
  2076 | D:2      | Learned a level 2 spell: Passwall
  2332 | D:2      | Reached skill level 1 in Fighting
  2332 | D:2      | Reached skill level 1 in Short Blades
  2332 | D:2      | Reached skill level 1 in Long Blades
  2332 | D:2      | Reached skill level 1 in Axes
  2332 | D:2      | Reached skill level 1 in Maces & Flails
  2332 | D:2      | Reached skill level 1 in Polearms
  2332 | D:2      | Reached skill level 1 in Staves
  2332 | D:2      | Reached skill level 1 in Slings
  2332 | D:2      | Reached skill level 1 in Bows
  2332 | D:2      | Reached skill level 1 in Crossbows
  2332 | D:2      | Reached skill level 1 in Throwing
  2332 | D:2      | Reached skill level 1 in Armour
  2332 | D:2      | Reached skill level 1 in Shields
  2332 | D:2      | Reached skill level 1 in Unarmed Combat
  2332 | D:2      | Reached skill level 1 in Evocations
  2341 | D:2      | Noticed Jessica
  2352 | D:2      | HP: 1/26 [hound skeleton (3)]
  2355 | D:2      | Slain by Jessica

Illustrated notes

Levels and vault maps discovered:
D:1:      dpeg_arrival_water_fire, layout_loops_ring,
          dreamdust_ecumenical_altar_grove, serial_shops, shop,
          nicolae_shop_behind_doors, fountainhead
D:2:      minmay_razor_zed, layout_rooms, basic_altar, uniq_jessica

Skill      XL: |  1  2  3 |
---------------+----------+-----
Transmutations | 2 |  2.1
Spellcasting   | 5 |  5.0
Invocations    | 1 |  1.0
Fighting       | 1 |  1.0
Short Blades   | 1 |  1.0
Long Blades    | 1 |  1.0
Axes           | 1 |  1.0
Maces & Flails | 1 |  1.0
Polearms       | 1 |  1.0
Staves         | 1 |  1.0
Slings         | 1 |  1.0
Bows           | 1 |  1.0
Crossbows      | 1 |  1.0
Throwing       | 1 |  1.0
Armour         | 1 |  1.0
Shields        | 1 |  1.0
Unarmed Combat | 1 |  1.0
Evocations     | 1 |  1.0
Dodging        | |  4.6
Stealth        | |  4.2
Conjurations   | |  0.7
Hexes          | |  0.7
Summonings     | |  0.7
Necromancy     | |  0.7
Translocations | |  0.7
Fire Magic     | |  0.7
Ice Magic      | |  0.7
Air Magic      | |  0.7
Earth Magic    | |  5.4
Poison Magic   | |  0.7

Action                   || total
-------------------------++-------
Melee: Unarmed           ||   102
       Bite              ||    12
       Club              ||     4
Throw: Dart              ||     6
 Cast: Sandblast         ||    34
       Passwall          ||     3
  Use: Potion            ||     4
       Scroll            ||     1
 Stab: Sleeping          ||     5
Armor: Robe              ||    26
Dodge: Dodged            ||   105
